AoeStats
← Joey_did_it

Arena

510252862Analyzed
1v1 RM · 10h ago on Sep 30, 2026· 47m 55s· 2 players
Game mode
Random Map
Map size
Tiny (2 player)
Population
200
Speed
Normal
Resources
Standard
Victory
Conquest
Starting age
Dark Age
Ending age
Imperial Age
RankedLock teamsTeams togetherTeam positionsShared explorationLock speedFull tech treeHidden civsTurbo modeCheats
Victory
Defeat
🇨🇱 Celts · Chile
545
+14
🇺🇸 Sicilians · United States
498
-20
WuTaidou
10:52 Feudal Age
10:00 Loom
10:21 Loom
11:50 Double-Bit Axe
11:52 Horse Collar
16:06 Castle Age
17:18 Bow Saw
17:11 Heavy Plow
21:44 Loom
24:34 Fervor
25:38 Fletching
26:00 Forging
26:53 Arson
28:03 Wheelbarrow
31:14 Imperial Age
30:01 Hand Cart
29:33 Town Watch
32:31 Conscription
33:00 Hoardings
32:17 Capped Ram
33:11 Elite Woad Raider
35:03 Iron Casting
35:09 Fletching
35:30 Town Patrol
40:38 Blast Furnace
39:41 Scale Mail Armor
40:24 Siege Ram
Joey_did_it
15:50 Feudal Age
16:14 Horse Collar
17:19 Wheelbarrow
22:58 Castle Age
21:22 Gold Mining
26:11 Man-at-Arms
29:06 Hand Cart
34:53 Heavy Plow
44:10 Imperial Age
42:22 Caravan
Connection lost

Rejoining the realm…

Still unreachable

The connection could not be restored.

Session expired

The server has moved on; the page needs a fresh start.